Workbook

Sheet ORÇAMENTO
B2: PLANILHA ORÇAMENTÁRIA GLOBAL
B4: PREFEITURA MUNICIPAL DE FLORIANO PEIXOTO/RS | I4: BDI | J4: 0.2422
B5: CONSTRUÇÃO DE UMA PONTE EM CONCRETO SOBRE O RIO ABAÚNA | H5: SINAPI | I5: DATA BASE | J5: 46204
B6: Endereço: Comunidade São Miguel, interior de Floriano Peixoto/RS | H6: SICRO3 | I6: DATA BASE | J6: 46113
B8: Item | C8: Código | D8: Banco | E8: Descrição | F8: Unid | G8: Quant. | H8: Valor Unit | I8: Valor Unit com BDI | J8: Total | L8: valores
B9: TOTAL | J9: =J10+J12+J22+J36+J58+J88 -> 761884.64
B10: 1 | E10: SERVIÇOS TÉCNICOS | J10: =J11 -> 99506.43
B11: 1.1 | C11: Comp.01 | D11: - | E11: ADMINISTRAÇÃO DE OBRA | F11: un | G11: 1 | H11: 80105 | I11: =TRUNC(L11,2) -> 99506.43 | J11: =TRUNC(N11,2) -> 99506.43 | L11: =(H11*$J$4)+H11 -> 99506.431 | N11: =I11*G11 -> 99506.43
B12: 2 | E12: SERVIÇOS INICIAIS | J12: =SUM(J13:J21) -> 42174.1 | N12: =I12*G12 -> 0
B13: 2.1 | C13: Comp.02 | D13: - | E13: PLACA DE OBRA EM CHAPA GALVANIZADA | F13: m² | G13: 4.8 | H13: 405.87 | I13: =TRUNC(L13,2) -> 504.17 | J13: =TRUNC(N13,2) -> 2420.01 | L13: =(H13*$J$4)+H13 -> 504.17171 | N13: =I13*G13 -> 2420.016
B14: 2.2 | C14: 103695 | D14: SINAPI | E14: FORNECIMENTO E INSTALAÇÃO DE SUPORTE DE MADEIRA PARA PLACAS DE SINALIZAÇÃO, EM SOLO, COM H= DE 2,0 M E SEÇÃO DE 7,5 X 7,5 CM | F14: un | G14: 3 | H14: 103 | I14: =TRUNC(L14,2) -> 127.94 | J14: =TRUNC(N14,2) -> 383.82 | L14: =(H14*$J$4)+H14 -> 127.9466 | N14: =I14*G14 -> 383.82
B15: 2.3 | C15: 10776 | D15: SINAPI-I | E15: LOCACAO DE CONTAINER 2,30 X 6,00 M, ALT. 2,50 M, PARA ESCRITORIO, SEM DIVISORIAS INTERNAS E SEM SANITARIO (NAO INCLUI MOBILIZACAO/DESMOBILIZACAO) | F15: mês | G15: 5 | H15: 900 | I15: =TRUNC(L15,2) -> 1117.98 | J15: =TRUNC(N15,2) -> 5589.9 | L15: =(H15*$J$4)+H15 -> 1117.98 | N15: =I15*G15 -> 5589.9
B16: 2.4 | C16: 10775 | D16: SINAPI-I | E16: LOCACAO DE CONTAINER 2,30 X 6,00 M, ALT. 2,50 M, PARA ESCRITORIO, SEM DIVISORIAS INTERNAS COM SANITARIO (NAO INCLUI MOBILIZACAO/DESMOBILIZACAO) | F16: mês | G16: 5 | H16: 1150 | I16: =TRUNC(L16,2) -> 1428.53 | J16: =TRUNC(N16,2) -> 7142.65 | L16: =(H16*$J$4)+H16 -> 1428.53 | N16: =I16*G16 -> 7142.65
B17: 2.5 | C17: 100948 | D17: SINAPI | E17: TRANSPORTE COM CAMINHÃO CARROCERIA 9T, EM VIA URBANA PAVIMENTADA, ADICIONAL PARA DMT EXCEDENTE A 30 KM | F17: TxKm | G17: =48*2*12 -> 1152 | H17: 0.96 | I17: =TRUNC(L17,2) -> 1.19 | J17: =TRUNC(N17,2) -> 1370.88 | L17: =(H17*$J$4)+H17 -> 1.192512 | N17: =I17*G17 -> 1370.88
B18: 2.6 | C18: 100945 | D18: SINAPI | E18: TRANSPORTE COM CAMINHÃO CARROCERIA 9T, EM LEITO NATURAL | F18: TxKm | G18: =3*2*12 -> 72 | H18: 3.6 | I18: =TRUNC(L18,2) -> 4.47 | J18: =TRUNC(N18,2) -> 321.84 | L18: =(H18*$J$4)+H18 -> 4.47192 | N18: =I18*G18 -> 321.84
B19: 2.7 | C19: 93421 | D19: SINAPI | E19: GRUPO GERADOR REBOCÁVEL, POTÊNCIA 66 KVA, MOTOR A DIESEL | F19: CHP | G19: 180 | H19: 82.5 | I19: =TRUNC(L19,2) -> 102.48 | J19: =TRUNC(N19,2) -> 18446.4 | L19: =(H19*$J$4)+H19 -> 102.4815 | N19: =I19*G19 -> 18446.4
B20: 2.8 | C20: 99059 | D20: SINAPI | E20: LOCAÇÃO CONVENCIONAL DE OBRA, UTILIZANDO GABARITO DE TÁBUAS CORRIDAS PONTALEADAS A CADA 2,00 M | F20: M | G20: =48+12 -> 60 | H20: 68.2 | I20: =TRUNC(L20,2) -> 84.71 | J20: =TRUNC(N20,2) -> 5082.6 | L20: =(H20*$J$4)+H20 -> 84.71804 | N20: =I20*G20 -> 5082.6
B21: 2.9 | C21: 90781 | D21: SINAPI | E21: TOPOGRAFO COM ENCARGOS COMPLEMENTARES | F21: H | G21: 24 | H21: 47.5 | I21: =TRUNC(L21,2) -> 59 | J21: =TRUNC(N21,2) -> 1416 | L21: =(H21*$J$4)+H21 -> 59.0045 | N21: =I21*G21 -> 1416
B22: 3 | E22: INFRAESTRUTURA | J22: =J23 -> 66891.74 | N22: =I22*G22 -> 0
B23: 3.1 | E23: FUNDAÇÕES | J23: =SUM(J24:J35) -> 66891.74 | N23: =I23*G23 -> 0
B24: 3.1.1 | C24: 96523 | D24: SINAPI | E24: ESCAVAÇÃO MANUAL PARA BLOCO DE COROAMENTO OU SAPATA (INCLUINDO ESCAVAÇÃO PARA COLOCAÇÃO DE FÔRMAS | F24: m3 | G24: =2*3.1415*1.4 -> 8.7962 | H24: 110 | I24: =TRUNC(L24,2) -> 136.64 | J24: =TRUNC(N24,2) -> 1201.91 | L24: =(H24*$J$4)+H24 -> 136.642 | N24: =I24*G24 -> 1201.9128
B25: 3.1.2 | C25: Comp.06 | D25: - | E25: ENSECADEIRAS DE MADEIRA | F25: m2 | G25: =24*1.2 -> 28.8 | H25: 300 | I25: =TRUNC(L25,2) -> 372.66 | J25: =TRUNC(N25,2) -> 10732.6 | L25: =(H25*$J$4)+H25 -> 372.66 | N25: =I25*G25 -> 10732.608
B26: 3.1.3 | C26: Comp.07 | D26: - | E26: ENSECADEIRAS DE CONCRETO ARMADO | F26: m2 | G26: =24*0.5 -> 12 | H26: 407.83 | I26: =TRUNC(L26,2) -> 506.6 | J26: =TRUNC(N26,2) -> 6079.2 | L26: =(H26*$J$4)+H26 -> 506.60643 | N26: =I26*G26 -> 6079.2
B27: 3.1.4 | C27: 104482 | D27: SINAPI | E27: ESGOTAMENTO COM BOMBA SUBMERSÍVEL | F27: H | G27: 24 | H27: 30 | I27: =TRUNC(L27,2) -> 37.26 | J27: =TRUNC(N27,2) -> 894.24 | L27: =(H27*$J$4)+H27 -> 37.266 | N27: =I27*G27 -> 894.24
B28: 3.1.5 | C28: 105916 | D28: SINAPI | E28: MARTELO PERFURADOR PNEUMÁTICO MANUAL, HASTE 19 X 108 MM, 11 KG - CHP DIURNO. | F28: CHP | G28: 90 | H28: 32 | I28: =TRUNC(L28,2) -> 39.75 | J28: =TRUNC(N28,2) -> 3577.5 | L28: =(H28*$J$4)+H28 -> 39.7504 | N28: =I28*G28 -> 3577.5
B29: 3.1.6 | C29: 92764 | D29: SINAPI | E29: ARMAÇÃO DE PILAR OU VIGA DE ESTRUTURA CONVENCIONAL DE CONCRETO ARMADO UTILIZANDO AÇO CA-50 DE 16,0 MM - MONTAGEM | F29: kg | G29: =(8*2*2+(13*2*1.5))/12*18.93 -> 112.0025 | H29: 8.1 | I29: =TRUNC(L29,2) -> 10.06 | J29: =TRUNC(N29,2) -> 1126.74 | L29: =(H29*$J$4)+H29 -> 10.06182 | N29: =I29*G29 -> 1126.7451
B30: 3.1.7 | C30: 92761 | D30: SINAPI | E30: ARMAÇÃO DE PILAR OU VIGA DE ESTRUTURA CONVENCIONAL DE CONCRETO ARMADO UTILIZANDO AÇO CA-50 DE 8,0 MM - MONTAGEM | F30: kg | G30: =((5.7*20*2)+(3.7*120*2)+(10*5.7*2*2))/12*4.74 -> 530.88 | H30: 11.5 | I30: =TRUNC(L30,2) -> 14.28 | J30: =TRUNC(N30,2) -> 7580.96 | L30: =(H30*$J$4)+H30 -> 14.2853 | N30: =I30*G30 -> 7580.9664
B31: 3.1.8 | C31: 92760 | D31: SINAPI | E31: ARMAÇÃO DE PILAR OU VIGA DE ESTRUTURA CONVENCIONAL DE CONCRETO ARMADO UTILIZANDO AÇO CA-50 DE 6,3 MM - MONTAGEM | F31: kg | G31: =((8*12*2*2)/12*2.94)*1.1 -> 103.488 | H31: 12.5 | I31: =TRUNC(L31,2) -> 15.52 | J31: =TRUNC(N31,2) -> 1606.13 | L31: =(H31*$J$4)+H31 -> 15.5275 | N31: =I31*G31 -> 1606.1338
B32: 3.1.9 | C32: 96558 | D32: SINAPI | E32: CONCRETAGEM FCK 30 MPA, COM USO DE BOMBA - LANÇAMENTO, ADENSAMENTO E ACABAMENTO | F32: m³ | G32: =(3.1415*2*1)+(1.5*0.5*12*2) -> 24.283 | H32: 950 | I32: =TRUNC(L32,2) -> 1180.09 | J32: =TRUNC(N32,2) -> 28656.12 | L32: =(H32*$J$4)+H32 -> 1180.09 | N32: =I32*G32 -> 28656.125
B33: 3.1.10 | C33: 5909007 | D33: SICRO3 | E33: Carga, manobra e descarga de concreto com caminhão betoneira - carga em central de concreto de 30 m³/h e descarga livre | F33: t | G33: =G32*2.5 -> 60.7075 | H33: 25.1 | I33: =TRUNC(L33,2) -> 31.17 | J33: =TRUNC(N33,2) -> 1892.25 | L33: =(H33*$J$4)+H33 -> 31.17922 | N33: =I33*G33 -> 1892.2528
B34: 3.1.11 | C34: 5914539 | D34: SICRO3 | E34: Transporte com caminhão betoneira - rodovia em leito natural | F34: tkm | G34: =(G32*2.5)*3 -> 182.1225 | H34: 1.37 | I34: =TRUNC(L34,2) -> 1.7 | J34: =TRUNC(N34,2) -> 309.6 | L34: =(H34*$J$4)+H34 -> 1.701814 | N34: =I34*G34 -> 309.60825
B35: 3.1.12 | C35: 5914569 | D35: SICRO3 | E35: Transporte com caminhão betoneira - rodovia pavimentada | F35: tkm | G35: =(G32*2.5)*48 -> 2913.96 | H35: 0.9 | I35: =TRUNC(L35,2) -> 1.11 | J35: =TRUNC(N35,2) -> 3234.49 | L35: =(H35*$J$4)+H35 -> 1.11798 | N35: =I35*G35 -> 3234.4956
B36: 4 | E36: MESOESTRUTURA | J36: =J37+J48 -> 160094.48 | N36: =I36*G36 -> 0
B37: 4.1 | E37: PILARES DE CONCRETO ARMADO | J37: =SUM(J38:J47) -> 42892.28 | N37: =I37*G37 -> 0
B38: 4.1.1 | C38: 92264 | D38: SINAPI | E38: FABRICAÇÃO DE FÔRMA PARA PILARES, EM CHAPA DE MADEIRA COMPENSADA PLASTIFICADA, E = 18 MM | F38: m² | G38: =(5.5+5.5+0.6+0.6)*3 -> 36.6 | H38: 235 | I38: =TRUNC(L38,2) -> 291.91 | J38: =TRUNC(N38,2) -> 10683.9 | L38: =(H38*$J$4)+H38 -> 291.917 | N38: =I38*G38 -> 10683.906
B39: 4.1.2 | C39: 92447 | D39: SINAPI | E39: MONTAGEM E DESMONTAGEM DE FÔRMA DE VIGA, ESCORAMENTO COM PONTALETE DE MADEIRA, EM MADEIRA SERRADA, 2 UTILIZAÇÕES | F39: m² | G39: =G38 -> 36.6 | H39: 215 | I39: =TRUNC(L39,2) -> 267.07 | J39: =TRUNC(N39,2) -> 9774.76 | L39: =(H39*$J$4)+H39 -> 267.073 | N39: =I39*G39 -> 9774.762
B40: 4.1.3 | C40: 92764 | D40: SINAPI | E40: ARMAÇÃO DE PILAR OU VIGA DE ESTRUTURA CONVENCIONAL DE CONCRETO ARMADO UTILIZANDO AÇO CA-60 DE 16,0 MM - MONTAGEM. | F40: Kg | G40: =((6*5.35*2)*2)/12*18.93 -> 202.551 | H40: 8.1 | I40: =TRUNC(L40,2) -> 10.06 | J40: =TRUNC(N40,2) -> 2037.66 | L40: =(H40*$J$4)+H40 -> 10.06182 | N40: =I40*G40 -> 2037.6631
B41: 4.1.4 | C41: 92760 | D41: SINAPI | E41: ARMAÇÃO DE PILAR OU VIGA DE ESTRUTURA CONVENCIONAL DE CONCRETO ARMADO UTILIZANDO AÇO CA-50 DE 6,3 MM - MONTAGEM | F41: kg | G41: =((4.7/0.1*4.66)+(20*6.25))/12*2.94*2 -> 168.5698 | H41: 12.5 | I41: =TRUNC(L41,2) -> 15.52 | J41: =TRUNC(N41,2) -> 2616.2 | L41: =(H41*$J$4)+H41 -> 15.5275 | N41: =I41*G41 -> 2616.2033
B42: 4.1.5 | C42: 92761 | D42: SINAPI | E42: ARMAÇÃO DE PILAR OU VIGA DE ESTRUTURA CONVENCIONAL DE CONCRETO ARMADO UTILIZANDO AÇO CA-50 DE 8,0 MM - MONTAGEM | F42: kg | G42: =(32*4*2)/12*4.74 -> 101.12 | H42: 11.5 | I42: =TRUNC(L42,2) -> 14.28 | J42: =TRUNC(N42,2) -> 1443.99 | L42: =(H42*$J$4)+H42 -> 14.2853 | N42: =I42*G42 -> 1443.9936
B43: 4.1.6 | C43: 96558 | D43: SINAPI | E43: CONCRETAGEM FCK 30 MPA, COM USO DE BOMBA - LANÇAMENTO, ADENSAMENTO E ACABAMENTO | F43: m³ | G43: =(0.6*5.5*3.35) -> 11.055 | H43: 950 | I43: =TRUNC(L43,2) -> 1180.09 | J43: =TRUNC(N43,2) -> 13045.89 | L43: =(H43*$J$4)+H43 -> 1180.09 | N43: =I43*G43 -> 13045.895
B44: 4.1.7 | C44: 5909007 | D44: SICRO3 | E44: Carga, manobra e descarga de concreto com caminhão betoneira - carga em central de concreto de 30 m³/h e descarga livre | F44: t | G44: =G43*2.5 -> 27.6375 | H44: 25.1 | I44: =TRUNC(L44,2) -> 31.17 | J44: =TRUNC(N44,2) -> 861.46 | L44: =(H44*$J$4)+H44 -> 31.17922 | N44: =I44*G44 -> 861.46087
B45: 4.1.8 | C45: 5914539 | D45: SICRO3 | E45: Transporte com caminhão betoneira - rodovia em leito natural | F45: tkm | G45: =(G43*2.5)*3 -> 82.9125 | H45: 1.37 | I45: =TRUNC(L45,2) -> 1.7 | J45: =TRUNC(N45,2) -> 140.95 | L45: =(H45*$J$4)+H45 -> 1.701814 | N45: =I45*G45 -> 140.95125
B46: 4.1.9 | C46: 5914569 | D46: SICRO3 | E46: Transporte com caminhão betoneira - rodovia pavimentada | F46: tkm | G46: =(G43*2.5)*48 -> 1326.6 | H46: 0.9 | I46: =TRUNC(L46,2) -> 1.11 | J46: =TRUNC(N46,2) -> 1472.52 | L46: =(H46*$J$4)+H46 -> 1.11798 | N46: =I46*G46 -> 1472.526
B47: 4.1.10 | C47: 3816197 | D47: SICRO3 | E47: Plataforma de trabalho em madeira apoiada no solo - altura de até 6 m - utilização de 5 vezes - confecção, instalação e retirada | F47: m³ | G47: =6*0.3*5 -> 9 | H47: 72.9 | I47: =TRUNC(L47,2) -> 90.55 | J47: =TRUNC(N47,2) -> 814.95 | L47: =(H47*$J$4)+H47 -> 90.55638 | N47: =I47*G47 -> 814.95
B48: 4.2 | E48: CABECEIRAS DE CONCRETO ARMADO/CORTINAS | J48: =SUM(J49:J57) -> 117202.2 | N48: =I48*G48 -> 0
B49: 4.2.1 | C49: 92266 | D49: SINAPI | E49: FABRICAÇÃO DE FÔRMA PARA VIGAS, EM CHAPA DE MADEIRA COMPENSADA PLASTIFICADA, E = 18 MM | F49: m² | G49: =(3+6+3+0.3)*2*3*2 -> 147.6 | H49: 185 | I49: =TRUNC(L49,2) -> 229.8 | J49: =TRUNC(N49,2) -> 33918.48 | L49: =(H49*$J$4)+H49 -> 229.807 | N49: =I49*G49 -> 33918.48
B50: 4.2.2 | C50: 92448 | D50: SINAPI | E50: MONTAGEM E DESMONTAGEM DE FÔRMA DE VIGA, ESCORAMENTO COM PONTALETE DE MADEIRA, EM MADEIRA SERRADA, 4 UTILIZAÇÕES | F50: m² | G50: =G49 -> 147.6 | H50: 168 | I50: =TRUNC(L50,2) -> 208.68 | J50: =TRUNC(N50,2) -> 30801.16 | L50: =(H50*$J$4)+H50 -> 208.6896 | N50: =I50*G50 -> 30801.168
B51: 4.2.3 | C51: 92762 | D51: SINAPI | E51: ARMAÇÃO DE PILAR OU VIGA DE ESTRUTURA CONVENCIONAL DE CONCRETO ARMADO UTILIZANDO AÇO CA-60 DE 10,0 MM - MONTAGEM. | F51: Kg | G51: =(60*3.3*2*2)/12*7.4 -> 488.4 | H51: 10.2 | I51: =TRUNC(L51,2) -> 12.67 | J51: =TRUNC(N51,2) -> 6188.02 | L51: =(H51*$J$4)+H51 -> 12.67044 | N51: =I51*G51 -> 6188.028
B52: 4.2.4 | C52: 92761 | D52: SINAPI | E52: ARMAÇÃO DE PILAR OU VIGA DE ESTRUTURA CONVENCIONAL DE CONCRETO ARMADO UTILIZANDO AÇO CA-60 DE 8,0 MM - MONTAGEM. | F52: Kg | G52: =(15*2*2*12.5)/12*4.74 -> 296.25 | H52: 11.5 | I52: =TRUNC(L52,2) -> 14.28 | J52: =TRUNC(N52,2) -> 4230.45 | L52: =(H52*$J$4)+H52 -> 14.2853 | N52: =I52*G52 -> 4230.45
B53: 4.2.5 | C53: 96558 | D53: SINAPI | E53: CONCRETAGEM FCK 30 MPA, COM USO DE BOMBA - LANÇAMENTO, ADENSAMENTO E ACABAMENTO | F53: m³ | G53: =(3+6+3)*0.4*3*2 -> 28.8 | H53: 950 | I53: =TRUNC(L53,2) -> 1180.09 | J53: =TRUNC(N53,2) -> 33986.59 | L53: =(H53*$J$4)+H53 -> 1180.09 | N53: =I53*G53 -> 33986.592
B54: 4.2.6 | C54: 5909007 | D54: SICRO3 | E54: Carga, manobra e descarga de concreto com caminhão betoneira - carga em central de concreto de 30 m³/h e descarga livre | F54: t | G54: =G53*2.5 -> 72 | H54: 25.1 | I54: =TRUNC(L54,2) -> 31.17 | J54: =TRUNC(N54,2) -> 2244.24 | L54: =(H54*$J$4)+H54 -> 31.17922 | N54: =I54*G54 -> 2244.24
B55: 4.2.7 | C55: 5914539 | D55: SICRO3 | E55: Transporte com caminhão betoneira - rodovia em leito natural | F55: tkm | G55: =(G53*2.5)*3 -> 216 | H55: 1.37 | I55: =TRUNC(L55,2) -> 1.7 | J55: =TRUNC(N55,2) -> 367.2 | L55: =(H55*$J$4)+H55 -> 1.701814 | N55: =I55*G55 -> 367.2
B56: 4.2.8 | C56: 5914569 | D56: SICRO3 | E56: Transporte com caminhão betoneira - rodovia pavimentada | F56: tkm | G56: =(G53*2.5)*48 -> 3456 | H56: 0.9 | I56: =TRUNC(L56,2) -> 1.11 | J56: =TRUNC(N56,2) -> 3836.16 | L56: =(H56*$J$4)+H56 -> 1.11798 | N56: =I56*G56 -> 3836.16
B57: 4.2.9 | C57: 3816197 | D57: SICRO3 | E57: Plataforma de trabalho em madeira apoiada no solo - altura de até 6 m - utilização de 5 vezes - confecção, instalação e retirada | F57: m³ | G57: =6*5*0.3*2 -> 18 | H57: 72.9 | I57: =TRUNC(L57,2) -> 90.55 | J57: =TRUNC(N57,2) -> 1629.9 | L57: =(H57*$J$4)+H57 -> 90.55638 | N57: =I57*G57 -> 1629.9
B58: 5 | E58: SUPERESTRUTURA | J58: =J59+J65+J70+J79 -> 350635.93 | N58: =I58*G58 -> 0
B59: 5.1 | E59: VIGAS PRÉ-MOLDADAS- LONGARINAS | J59: =SUM(J60:J64) -> 219554.32 | N59: =I59*G59 -> 0
B60: 5.1.1 | C60: Comp.03 | D60: - | E60: LONGARINA DE CONCRETO ARMADO PRÉ-MOLDADO 0,25x0,70 | F60: m | G60: =8*12 -> 96 | H60: 973.03 | I60: =TRUNC(L60,2) -> 1208.69 | J60: =TRUNC(N60,2) -> 116034.24 | L60: =(H60*$J$4)+H60 -> 1208.6979 | N60: =I60*G60 -> 116034.24
B61: 5.1.2 | C61: 5915400 | D61: SICRO3 | E61: Carga, descarga e manobra de vigas pré-moldadas de até 500 kN em cavalo mecânico com dolly de 4 eixos com capacidade de 57 t | F61: un | G61: 8 | H61: 3440 | I61: =TRUNC(L61,2) -> 4273.16 | J61: =TRUNC(N61,2) -> 34185.28 | L61: =(H61*$J$4)+H61 -> 4273.168 | N61: =I61*G61 -> 34185.28
B62: 5.1.3 | C62: 5915325 | D62: SICRO3 | E62: Transporte em cavalo mecânico com dolly de 4 eixos com capacidade de 57 t - rodovia em leito natural | F62: km | G62: =(8*3)/2 -> 12 | H62: 91.4 | I62: =TRUNC(L62,2) -> 113.53 | J62: =TRUNC(N62,2) -> 1362.36 | L62: =(H62*$J$4)+H62 -> 113.53708 | N62: =I62*G62 -> 1362.36
B63: 5.1.4 | C63: 5915327 | D63: SICRO3 | E63: Transporte em cavalo mecânico com dolly de 4 eixos com capacidade de 57 t - rodovia pavimentada | F63: km | G63: =(8*85)/2 -> 340 | H63: 60 | I63: =TRUNC(L63,2) -> 74.53 | J63: =TRUNC(N63,2) -> 25340.2 | L63: =(H63*$J$4)+H63 -> 74.532 | N63: =I63*G63 -> 25340.2
B64: 5.1.5 | C64: 3806420 | D64: SICRO3 | E64: Lançamento de viga pré-moldada de até 500 kN com utilização de guindaste | F64: un | G64: 8 | H64: 4290 | I64: =TRUNC(L64,2) -> 5329.03 | J64: =TRUNC(N64,2) -> 42632.24 | L64: =(H64*$J$4)+H64 -> 5329.038 | N64: =I64*G64 -> 42632.24
B65: 5.2 | E65: PLACAS PRÉ-MOLDADAS TRELIÇADAS PARA LAJE | J65: =SUM(J66:J69) -> 41871.75 | N65: =I65*G65 -> 0
B66: 5.2.1 | C66: Comp.04 | D66: - | E66: Placas treliçadas pré-moldadas para ponte | F66: m² | G66: =6*24 -> 144 | H66: 206.6 | I66: =TRUNC(L66,2) -> 256.63 | J66: =TRUNC(N66,2) -> 36954.72 | L66: =(H66*$J$4)+H66 -> 256.63852 | N66: =I66*G66 -> 36954.72
B67: 5.2.2 | C67: 100948 | D67: SINAPI | E67: TRANSPORTE COM CAMINHÃO CARROCERIA 9T, EM VIA URBANA PAVIMENTADA, ADICIONAL PARA DMT EXCEDENTE A 30 KM | F67: tkm | G67: =85*34.2 -> 2907 | H67: 0.96 | I67: =TRUNC(L67,2) -> 1.19 | J67: =TRUNC(N67,2) -> 3459.33 | L67: =(H67*$J$4)+H67 -> 1.192512 | N67: =I67*G67 -> 3459.33
B68: 5.2.3 | C68: 100945 | D68: SINAPI | E68: TRANSPORTE COM CAMINHÃO CARROCERIA 9T, EM LEITO NATURAL | F68: tkm | G68: =3*14.4 -> 43.2 | H68: 3.6 | I68: =TRUNC(L68,2) -> 4.47 | J68: =TRUNC(N68,2) -> 193.1 | L68: =(H68*$J$4)+H68 -> 4.47192 | N68: =I68*G68 -> 193.104
B69: 5.2.4 | C69: 3806426 | D69: SICRO3 | E69: Lançamento de pré-laje com utilização de guindauto | F69: t | G69: 14.4 | H69: 70.7 | I69: =TRUNC(L69,2) -> 87.82 | J69: =TRUNC(N69,2) -> 1264.6 | L69: =(H69*$J$4)+H69 -> 87.82354 | N69: =I69*G69 -> 1264.608
B70: 5.3 | E70: LAJE - CAPEAMENTO | J70: =SUM(J71:J78) -> 55432.4 | N70: =I70*G70 -> 0
B71: 5.3.1 | C71: 92268 | D71: SINAPI | E71: FABRICAÇÃO DE FÔRMA PARA LAJES, EM CHAPA DE MADEIRA COMPENSADA PLASTIFICADA, E = 18 MM | F71: m² | G71: =(6*2*0.22)+(24*2*0.22) -> 13.2 | H71: 113 | I71: =TRUNC(L71,2) -> 140.36 | J71: =TRUNC(N71,2) -> 1852.75 | L71: =(H71*$J$4)+H71 -> 140.3686 | N71: =I71*G71 -> 1852.752
B72: 5.3.2 | C72: 92482 | D72: SINAPI | E72: MONTAGEM E DESMONTAGEM DE FÔRMA DE LAJE MADEIRA, EM MADEIRA SERRADA, 4 UTILIZAÇÕES | F72: m² | G72: =G71 -> 13.2 | H72: 345 | I72: =TRUNC(L72,2) -> 428.55 | J72: =TRUNC(N72,2) -> 5656.86 | L72: =(H72*$J$4)+H72 -> 428.559 | N72: =I72*G72 -> 5656.86
B73: 5.3.3 | C73: 92770 | D73: SINAPI | E73: ARMAÇÃO DE LAJE DE ESTRUTURA CONVENCIONAL DE CONCRETO ARMADO UTILIZANDO AÇO CA-50 DE 8,0 MM - MONTAGEM | F73: kg | G73: =((120*6)/12*4.74)+((30*24)/12*4.74) -> 568.8 | H73: 11 | I73: =TRUNC(L73,2) -> 13.66 | J73: =TRUNC(N73,2) -> 7769.8 | L73: =(H73*$J$4)+H73 -> 13.6642 | N73: =I73*G73 -> 7769.808
B74: 5.3.4 | C74: 92768 | D74: SINAPI | E74: ARMAÇÃO DE LAJE DE ESTRUTURA CONVENCIONAL DE CONCRETO ARMADO UTILIZANDO AÇO CA-50 DE 5,0 MM - MONTAGEM | F74: kg | G74: =((120*6)/12*1.85)+((30*24)/12*1.85)*1.1 -> 233.1 | H74: 13 | I74: =TRUNC(L74,2) -> 16.14 | J74: =TRUNC(N74,2) -> 3762.23 | L74: =(H74*$J$4)+H74 -> 16.1486 | N74: =I74*G74 -> 3762.234
B75: 5.3.5 | C75: 96558 | D75: SINAPI | E75: CONCRETAGEM FCK 30 MPA, COM USO DE BOMBA - LANÇAMENTO, ADENSAMENTO E ACABAMENTO | F75: m³ | G75: =G66*0.18 -> 25.92 | H75: 950 | I75: =TRUNC(L75,2) -> 1180.09 | J75: =TRUNC(N75,2) -> 30587.93 | L75: =(H75*$J$4)+H75 -> 1180.09 | N75: =I75*G75 -> 30587.933
B76: 5.3.6 | C76: 5909007 | D76: SICRO3 | E76: Carga, manobra e descarga de concreto com caminhão betoneira - carga em central de concreto de 30 m³/h e descarga livre | F76: t | G76: =G75*2.5 -> 64.8 | H76: 25.1 | I76: =TRUNC(L76,2) -> 31.17 | J76: =TRUNC(N76,2) -> 2019.81 | L76: =(H76*$J$4)+H76 -> 31.17922 | N76: =I76*G76 -> 2019.816
B77: 5.3.7 | C77: 5914539 | D77: SICRO3 | E77: Transporte com caminhão betoneira - rodovia em leito natural | F77: tkm | G77: =(G75*2.5)*3 -> 194.4 | H77: 1.37 | I77: =TRUNC(L77,2) -> 1.7 | J77: =TRUNC(N77,2) -> 330.48 | L77: =(H77*$J$4)+H77 -> 1.701814 | N77: =I77*G77 -> 330.48
B78: 5.3.8 | C78: 5914569 | D78: SICRO3 | E78: Transporte com caminhão betoneira - rodovia pavimentada | F78: tkm | G78: =(G75*2.5)*48 -> 3110.4 | H78: 0.9 | I78: =TRUNC(L78,2) -> 1.11 | J78: =TRUNC(N78,2) -> 3452.54 | L78: =(H78*$J$4)+H78 -> 1.11798 | N78: =I78*G78 -> 3452.544
B79: 5.4 | E79: VIGAS TRANSVERSINAS | J79: =SUM(J80:J87) -> 33777.46 | N79: =I79*G79 -> 0
B80: 5.4.1 | C80: 92266 | D80: SINAPI | E80: FABRICAÇÃO DE FÔRMA PARA VIGAS, EM CHAPA DE MADEIRA COMPENSADA PLASTIFICADA, E = 18 MM | F80: m² | G80: =(12*0.7*2*2)+(6*0.7*2) -> 42 | H80: 185 | I80: =TRUNC(L80,2) -> 229.8 | J80: =TRUNC(N80,2) -> 9651.6 | L80: =(H80*$J$4)+H80 -> 229.807 | N80: =I80*G80 -> 9651.6
B81: 5.4.2 | C81: 92448 | D81: SINAPI | E81: MONTAGEM E DESMONTAGEM DE FÔRMA DE VIGA, ESCORAMENTO COM PONTALETE DE MADEIRA, EM MADEIRA SERRADA, 4 UTILIZAÇÕES | F81: m² | G81: =G80 -> 42 | H81: 168 | I81: =TRUNC(L81,2) -> 208.68 | J81: =TRUNC(N81,2) -> 8764.56 | L81: =(H81*$J$4)+H81 -> 208.6896 | N81: =I81*G81 -> 8764.56
B82: 5.4.3 | C82: 92761 | D82: SINAPI | E82: ARMAÇÃO DE PILAR OU VIGA DE ESTRUTURA CONVENCIONAL DE CONCRETO ARMADO UTILIZANDO AÇO CA-60 DE 8,0 MM - MONTAGEM. | F82: Kg | G82: =((60*1*2*2)+(4*12.5*2*2)+(4*6.25*2)+(30*1*2))/12*4.74 -> 217.25 | H82: 11.5 | I82: =TRUNC(L82,2) -> 14.28 | J82: =TRUNC(N82,2) -> 3102.33 | L82: =(H82*$J$4)+H82 -> 14.2853 | N82: =I82*G82 -> 3102.33
B83: 5.4.4 | C83: 92763 | D83: SINAPI | E83: ARMAÇÃO DE PILAR OU VIGA DE ESTRUTURA CONVENCIONAL DE CONCRETO ARMADO UTILIZANDO AÇO CA-60 DE 12,5 MM - MONTAGEM. | F83: Kg | G83: =((2*6)+(6*12.5*2))/12*11.55 -> 155.925 | H83: 8.5 | I83: =TRUNC(L83,2) -> 10.55 | J83: =TRUNC(N83,2) -> 1645 | L83: =(H83*$J$4)+H83 -> 10.5587 | N83: =I83*G83 -> 1645.0088
B84: 5.4.5 | C84: 96558 | D84: SINAPI | E84: CONCRETAGEM FCK 30 MPA, COM USO DE BOMBA - LANÇAMENTO, ADENSAMENTO E ACABAMENTO | F84: m³ | G84: =(12*0.7*0.3*2)+(6*0.7*0.6) -> 7.56 | H84: 950 | I84: =TRUNC(L84,2) -> 1180.09 | J84: =TRUNC(N84,2) -> 8921.48 | L84: =(H84*$J$4)+H84 -> 1180.09 | N84: =I84*G84 -> 8921.4804
B85: 5.4.6 | C85: 5914539 | D85: SICRO3 | E85: Transporte com caminhão betoneira - rodovia em leito natural | F85: tkm | G85: =(G84*2.5)*3 -> 56.7 | H85: 1.37 | I85: =TRUNC(L85,2) -> 1.7 | J85: =TRUNC(N85,2) -> 96.39 | L85: =(H85*$J$4)+H85 -> 1.701814 | N85: =I85*G85 -> 96.39
B86: 5.4.7 | C86: 5914569 | D86: SICRO3 | E86: Transporte com caminhão betoneira - rodovia pavimentada | F86: tkm | G86: =(G84*2.5)*48 -> 907.2 | H86: 0.9 | I86: =TRUNC(L86,2) -> 1.11 | J86: =TRUNC(N86,2) -> 1006.99 | L86: =(H86*$J$4)+H86 -> 1.11798 | N86: =I86*G86 -> 1006.992
B87: 5.4.8 | C87: 5909007 | D87: SICRO3 | E87: Carga, manobra e descarga de concreto com caminhão betoneira - carga em central de concreto de 30 m³/h e descarga livre | F87: t | G87: =G84*2.5 -> 18.9 | H87: 25.1 | I87: =TRUNC(L87,2) -> 31.17 | J87: =TRUNC(N87,2) -> 589.11 | L87: =(H87*$J$4)+H87 -> 31.17922 | N87: =I87*G87 -> 589.113
B88: 6 | E88: ACABAMENTOS E OBRAS COMPLEMENTARES | J88: =SUM(J89:J95) -> 42581.96 | N88: =I88*G88 -> 0
B89: 6.1 | C89: Comp.05 | D89: - | E89: Guarda rodas | F89: m | G89: =30*2 -> 60 | H89: 81.53 | I89: =TRUNC(L89,2) -> 101.27 | J89: =TRUNC(N89,2) -> 6076.2 | L89: =(H89*$J$4)+H89 -> 101.27657 | N89: =I89*G89 -> 6076.2
B90: 6.2 | C90: 106220 | D90: SINAPI | E90: GUARDA-CORPO DE AÇO GALVANIZADO COMPLEMENTAR À ALVENARIA, 0,65 M DE ALTURA, MONTANTES TUBULARES DE 1 1/4" ESPAÇADOS DE 1,80 M, TRAVESSA SUPERIOR DE 1 1/2", GRADIL FORMADO POR TUBOS HORIZONTAIS DE 1" E VERTICAIS DE 3/4", FIXADO COM ADESIVO ESTRUTURAL EPÓXI. AF_10/2025 | F90: M | G90: =30*2 -> 60 | H90: 413 | I90: =TRUNC(L90,2) -> 513.02 | J90: =TRUNC(N90,2) -> 30781.2 | L90: =(H90*$J$4)+H90 -> 513.0286 | N90: =I90*G90 -> 30781.2
B91: 6.3 | C91: 100725 | D91: SINAPI | E91: PINTURA COM TINTA ALQUÍDICA DE FUNDO E ACABAMENTO (ESMALTE SINTÉTICO GRAFITE) PULVERIZADA SOBRE SUPERFÍCIES METÁLICAS | F91: M2 | G91: =30*2*0.7 -> 42 | H91: 28 | I91: =TRUNC(L91,2) -> 34.78 | J91: =TRUNC(N91,2) -> 1460.76 | L91: =(H91*$J$4)+H91 -> 34.7816 | N91: =I91*G91 -> 1460.76
B92: 6.4 | C92: 34723 | D92: SINAPI-I | E92: PLACA DE SINALIZACAO EM CHAPA DE ACO NUM 16 COM PINTURA REFLETIVA | F92: M² | G92: 2.88 | H92: 500 | I92: =TRUNC(L92,2) -> 621.1 | J92: =TRUNC(N92,2) -> 1788.76 | L92: =(H92*$J$4)+H92 -> 621.1 | N92: =I92*G92 -> 1788.768
B93: 6.5 | C93: 103695 | D93: SINAPI | E93: FORNECIMENTO E INSTALAÇÃO DE SUPORTE DE MADEIRA PARA PLACAS DE SINALIZAÇÃO, EM SOLO, COM H= DE 2,0 M E SEÇÃO DE 7,5 X 7,5 CM | F93: un | G93: 8 | H93: 103 | I93: =TRUNC(L93,2) -> 127.94 | J93: =TRUNC(N93,2) -> 1023.52 | L93: =(H93*$J$4)+H93 -> 127.9466 | N93: =I93*G93 -> 1023.52
B94: 6.6 | C94: 2007971 | D94: SICRO3 | E94: Dreno de PVC D = 100 mm para OAE - fornecimento e instalação | F94: m | G94: 10 | H94: 91 | I94: =TRUNC(L94,2) -> 113.04 | J94: =TRUNC(N94,2) -> 1130.4 | L94: =(H94*$J$4)+H94 -> 113.0402 | N94: =I94*G94 -> 1130.4
B95: 6.7 | C95: 99814 | D95: SINAPI | E95: LIMPEZA DE SUPERFÍCIE COM JATO DE ALTA PRESSÃO. AF_04/2019 | F95: M2 | G95: =6*24 -> 144 | H95: 1.8 | I95: =TRUNC(L95,2) -> 2.23 | J95: =TRUNC(N95,2) -> 321.12 | L95: =(H95*$J$4)+H95 -> 2.23596 | N95: =I95*G95 -> 321.12
B97: Observação: os serviços de aterro, reaterro e escavação mecânica serão executados pela Prefeitura Municipal.
C100: Floriano Peixoto/RS, 02 de outubro de 2026.
G105: Angelica Gasparetto Sandri
G106: Engenheira Civil
G107: CREA RS 215.874

Sheet ENCARGOS
A1: ESTADO DO RIO GRANDE DO SUL PREFEITURA MUNICIPAL DE FLORIANO PEIXOTO
A8: ENCARGOS SOCIAIS SOBRE A MÃO DE OBRA ( SINAPI 01/2025)
A9: CÓDIGO | B9: DESCRIÇÃO | C9: COM DESONERAÇÃO | E9: SEM DESONERAÇÃO
C10: HORISTA % | D10: MENSALISTA % | E10: HORISTA % | F10: MENSALISTA %
A11: GRUPO A
A12: A1 | B12: INSS | C12: 0.05 | D12: 0.05 | E12: 0.2 | F12: 0.2
A13: A2 | B13: SESI | C13: 0.015 | D13: 0.015 | E13: 0.015 | F13: 0.015
A14: A3 | B14: SENAI | C14: 0.01 | D14: 0.01 | E14: 0.01 | F14: 0.01
A15: A4 | B15: INCRA | C15: 0.002 | D15: 0.002 | E15: 0.002 | F15: 0.002
A16: A5 | B16: SEBRAE | C16: 0.006 | D16: 0.006 | E16: 0.006 | F16: 0.006
A17: A6 | B17: Salário Educação | C17: 0.025 | D17: 0.025 | E17: 0.025 | F17: 0.025
A18: A7 | B18: Seguro Contra Acidentes de Trabalho | C18: 0.03 | D18: 0.03 | E18: 0.03 | F18: 0.03
A19: A8 | B19: FGTS | C19: 0.08 | D19: 0.08 | E19: 0.08 | F19: 0.08
A20: A9 | B20: SECONCI | C20: 0 | D20: 0 | E20: 0 | F20: 0
A21: A | B21: Total | C21: 0.218 | D21: 0.218 | E21: 0.368 | F21: 0.368
A22: GRUPO B
A23: B1 | B23: Repouso Semanal Remunerado | C23: 0.1793 | D23: Não incide | E23: 0.1793 | F23: Não incide
A24: B2 | B24: Feriados | C24: 0.0424 | D24: Não incide | E24: 0.0424 | F24: Não incide
A25: B3 | B25: Auxílio - Enfermidade | C25: 0.0085 | D25: 0.0065 | E25: 0.0085 | F25: 0.0065
A26: B4 | B26: 13º Salário | C26: 0.1096 | D26: 0.0833 | E26: 0.1096 | F26: 0.0833
A27: B5 | B27: Licença Paternidade | C27: 0.0007 | D27: 0.0005 | E27: 0.0007 | F27: 0.0005
A28: B6 | B28: Faltas Justificadas | C28: 0.0073 | D28: 0.0056 | E28: 0.0073 | F28: 0.0056
A29: B7 | B29: Dias de Chuvas | C29: 0.0153 | D29: Não incide | E29: 0.0153 | F29: Não incide
A30: B8 | B30: Auxílio Acidente de Trabalho | C30: 0.001 | D30: 0.0007 | E30: 0.001 | F30: 0.0007
A31: B9 | B31: Férias Gozadas | C31: 0.1061 | D31: 0.0806 | E31: 0.1061 | F31: 0.0806
A32: B10 | B32: Salário Maternidade | C32: 0.0003 | D32: 0.0003 | E32: 0.0003 | F32: 0.0003
A33: B | B33: Total | C33: 0.4705 | D33: 0.1775 | E33: 0.4705 | F33: 0.1775
A34: GRUPO C
A35: C1 | B35: Aviso Prévio Indenizado | C35: 0.0457 | D35: 0.0347 | E35: 0.0457 | F35: 0.0347
A36: C2 | B36: Aviso Prévio Trabalhado | C36: 0.0011 | D36: 0.0008 | E36: 0.0011 | F36: 0.0008
A37: C3 | B37: Férias Indenizadas | C37: 0.0346 | D37: 0.0263 | E37: 0.0346 | F37: 0.0263
A38: C4 | B38: Depósito Rescisão Sem Justa Causa | C38: 0.0275 | D38: 0.0209 | E38: 0.0275 | F38: 0.0209
A39: C5 | B39: Indenização Adicional | C39: 0.0038 | D39: 0.0029 | E39: 0.0038 | F39: 0.0029
A40: C | B40: Total | C40: 0.1127 | D40: 0.0856 | E40: 0.1127 | F40: 0.0856
A41: GRUPO D
A42: D1 | B42: Reincidência de Grupo A sobre Grupo B | C42: 0.0971 | D42: 0.0345 | E42: 0.1731 | F42: 0.0653
A43: D2 | B43: Reincidência de Grupo A sobre Aviso Prévio Trabalhado e Reincidência do FGTS sobre Aviso Prévio Indenizado | C43: 0.0039 | D43: 0.003 | E43: 0.0041 | F43: 0.0031
A44: D | B44: Total | C44: 0.101 | D44: 0.0375 | E44: 0.1772 | F44: 0.0684
A45: TOTAL(A+B+C+D) | C45: 0.9022 | D45: 0.5186 | E45: 1.1284 | F45: 0.6995
D48: Floriano Peixoto/RS, 02 de setemrbo de 2026.
A55: Angelica Gasparetto Sandri Engenheira Civil - CREA RS 215.874 | C55: Jair Antonio Ostrowski Prefeito Municipal

Sheet CRONOGRAMA
B2: CRONOGRAMA FÍSICO FINANCEIRO
B4: PREFEITURA MUNICIPAL DE FLORIANO PEIXOTO/RS
B5: CONSTRUÇÃO UMA PONTE EM CONCRETO ARMADO SOBRE O RIO ABAÚNA, COM. SÃO MIGUEL
B7: CRONOGRAMA FÍSICO FINANCEIRO
B8: PREFEITURA MUNICIPAL DE FLORIANO PEIXOTO/RS
B9: Ponte sobre o Rio Abaúna 24,00 x 6,00 m
B10: ITEM | C10: DESCRIÇÃO | D10: TOTAIS | E10: ETAPA 1 | F10: ETAPA 2 | G10: ETAPA 3 | H10: ETAPA 4 | I10: ETAPA 5
B11: 1 | C11: SERVIÇOS TÉCNICOS | D11: =ORÇAMENTO!J10 -> 99506.43 | E11: =D11*0.2 -> 19901.286 | F11: =D11*0.2 -> 19901.286 | G11: =D11*0.2 -> 19901.286 | H11: =D11*0.2 -> 19901.286 | I11: =D11*0.2 -> 19901.286
B12: 2 | C12: SERVIÇOS INICIAIS | D12: =ORÇAMENTO!J12 -> 42174.1 | E12: =D12*0.6 -> 25304.46 | F12: =D12*0.1 -> 4217.41 | G12: =D12*0.1 -> 4217.41 | H12: =D12*0.1 -> 4217.41 | I12: =D12*0.1 -> 4217.41
B13: 3 | C13: =ORÇAMENTO!E22 -> INFRAESTRUTURA | D13: =ORÇAMENTO!J22 -> 66891.74 | E13: =D13*1 -> 66891.74
B14: 4 | C14: MESOESTRUTURA | D14: =ORÇAMENTO!J36 -> 160094.48 | F14: =D14*0.7 -> 112066.14 | G14: =D14*0.3 -> 48028.344 | I14: 0
B15: 5 | C15: SUPERESTRUTURA | D15: =ORÇAMENTO!J58 -> 350635.93 | G15: =D15*0.4 -> 140254.37 | H15: =D15*0.3 -> 105190.78 | I15: =D15*0.3 -> 105190.78
B16: 6 | C16: ACABAMENTOS E OBRAS COMPLEMENTARES | D16: =ORÇAMENTO!J88 -> 42581.96 | I16: =D16 -> 42581.96
C17: TOTAL | D17: =SUM(D11:D16) -> 761884.64 | E17: =SUM(E11:E16) -> 112097.49 | F17: =SUM(F11:F16) -> 136184.83 | G17: =SUM(G11:G16) -> 212401.41 | H17: =SUM(H11:H16) -> 129309.48 | I17: =SUM(I11:I16) -> 171891.43
C18: % | D18: =SUM(E18:I18) -> 1 | E18: =E17/D17 -> 0.14713184 | F18: =F17/D17 -> 0.17874731 | G18: =G17/D17 -> 0.27878422 | H18: =H17/D17 -> 0.16972317 | I18: =I17/D17 -> 0.22561347
B20: Floriano Peixoto/RS, 02 de outubro de 2026.
F25: Angelica Gasparetto Sandri
F26: Engenheira Civil
F27: CREA RS 215.874

Sheet DMT
B2: PREFEITURA MUNICIPAL DE FLORIANO PEIXOTO/RS
B3: CONSTRUÇÃO UMA PONTE EM CONCRETO ARMADO PROTENDIDO
B5: DMT - Distâncias Médias de Transporte
B7: Transporte de concreto | C7: Tipo Rodovia | D7: km
B8: Erechim à Floriano Peixoto/RS | C8: Pavimentada | D8: 48
B9: Distância de Floriano Peixoto/RS até a Ponte do Rio Abaúna | C9: Leito Natural | D9: 3
B11: Transporte vigas longarinas e das Lajes pré-moldadas | C11: Tipo Rodovia | D11: km
B12: Distância média dos grandes centros (Erechim/RS, Passo Fundo/RS e Chapecó/SC) a Floriano Peixoto/RS | C12: Pavimentada | D12: 85
B13: Distância de Floriano Peixoto/RS até a Ponte do Rio Abaúna | C13: Leito Natural | D13: 3
B16: Floriano Peixoto/RS, 02 de setembro de 2026.
C22: Angelica Gasparetto Sandri
C23: Engenheira Civil
C24: CREA RS 215.874

Sheet BDI
B2: DETALHAMENTO DO BDI
B3: TOMADOR: PREFEITURA MUNICIPAL DE FLORIANO PEIXOTO/RS
B4: OBRA: CONSTRUÇÃO DE UMA PONTE DE CONCRETO ARMADO SOBRE O RIO ABAÚNA, COM. SÃO MIGUEL
B5: MUNICÍPIO: FLORIANO PEIXOTO/RS
B7: Conforme legislação tributária municipal, definir estimativa de percentual da base de cálculo para o ISS: | I7: 1
B8: Sobre a base de cálculo, definir a respectiva alíquota do ISS (entre 2% e 5%) | I8: 0.05
B10: PARCELAS DO BDI | D10: VALORES PERCENTUAIS ADOTADOS | G10: LIMITES DAS PARCELAS DO BDI PARA OBRAS DESTE TIPO. ACÓRDÃO TCU 2622/2013
G11: Min. | H11: Med. | I11: Máx.
B12: (AC) - Administração Central | D12: 0.039 | G12: 3.8 | H12: 4.01 | I12: 4.67
B13: (R) - Riscos | D13: 0.0045 | G13: 0.32 | H13: 0.4 | I13: 0.74
B14: (S) + (G) - Seguro e Garantia | D14: 0.006 | G14: 0.5 | H14: 0.56 | I14: 0.97
B15: (DF) - Despesas Financeiras | D15: 0.0105 | G15: 1.02 | H15: 1.11 | I15: 1.21
B16: (L) - Lucro | D16: 0.07 | G16: 6.64 | H16: 7.3 | I16: 8.69
B17: (I1) - PIS | D17: 0.0065 | G17: 0.65 | H17: 0.65 | I17: 0.65
B18: (I2) - COFINS | D18: 0.03 | G18: 3 | H18: 3 | I18: 3
B19: (I2) - ISS | D19: =I8*I7 -> 0.05 | G19: 2 | H19: 2 | I19: 5
B20: (I4) - Contribuição Previdenciária) | D20: 0
B21: BDI % = | D21: =ROUND((((1+D12+D13+D14)*(1+D15)*(1+D16))/(1-D17-D18-D19-D20))-1,4) -> 0.2422
B23: VALOR PARA SIMPLES CONFERÊNCIA DO ENQUADRAMENTO DO BDI NOS LIMITES ESTABELECIDOS PELO ACÓRDÃO TCU 2622/2013 | G23: LIMITES DAS PARCELAS DO BDI PARA OBRAS DESTE TIPO. ACÓRDÃO TCU 2622/2013
B24: BDI desconsiderando a parcela (I4) contribuição previdenciária | D24: =ROUND((((1+D12+D13+D14)*(1+D15)*(1+D16))/(1-D17-D18-D19))-1,4) -> 0.2422 | G24: 19.6 | H24: 20.97 | I24: 24.23
B26: DECLARAÇÕES
B27: DECLARO que, de acordo com a legislação tributária do municipio de FLORIANO PEIXOTO - RS, considerando a natureza da obra acima discriminada, para cálculo do valor de ISS a ser cobrado da empresa construtora, é aplicada a aliquota de 5% sobre o valor total da obra.
B28: DECLARO que o percentual de encargos sociais utilizados no valor da mão-de-obra do orçamento são os encargos sociais praticados pelo SINAPI e/ou SICRO.
B29: DECLARO que o orçamento da obra foi verificado com os custos nas duas possibilidades de CONTRIBUIÇÃO PREVIDENCIÁRIA e foi adotado a modalidade SEM DESONERAÇÃO por ser a mais adequada ao Tomador PREFEITURA MUNICIPAL DE FLORIANO PEIXOTO - RS.
B31: Floriano Peixoto/RS, 02 de setembro de 2026.
F41: Angelica Gasparetto Sandri
F42: Engenheira Civil
F43: CREA RS 215.874

Sheet COMP. 
B3: COMPOSIÇÃO PRÓPRIA
B5: PREFEITURA MUNICIPAL DE FLORIANO PEIXOTO/RS
B6: CONSTRUÇÃO DE UMA PONTE EM CONCRETO ARMADO SOBRE O RIO ABAUNA, SÃO MIGUEL
B8: CODIGO DA COMPOSICAO: | D8: COMP.01 | E8: DATA-BASE: | F8: 46204
B9: DESCRICAO DA COMPOSICAO: | D9: ADMINISTRAÇÃO DE OBRA
B10: UNIDADE: | D10: unidade
B11: Composição: | C11: CÓDIGO | D11: DESCRIÇÃO ITEM | E11: UNIDADE ITEM | F11: COEFICIENTE | G11: PRECO UNITARIO | H11: CUSTO TOTAL
B12: Composição | C12: 90778 | D12: ENGENHEIRO CIVIL DE OBRA PLENO COM ENCARGOS COMPLEMENTARES | E12: H | F12: 65 | G12: 145 | H12: =G12*F12 -> 9425
B13: Composição | C13: 93572 | D13: ENCARREGADO GERAL DE OBRAS COM ENCARGOS COMPLEMENTARES | E13: MÊS | F13: 5 | G13: 13400 | H13: =G13*F13 -> 67000
B14: Composição | C14: 90766 | D14: ALMOXARIFE COM ENCARGOS COMPLEMENTARES | E14: H | F14: 80 | G14: 31 | H14: =G14*F14 -> 2480
B15: Composição | C15: 90775 | D15: DESENHISTA PROJETISTA COM ENCARGOS COMPLEMENTARES | E15: H | F15: 30 | G15: 40 | H15: =G15*F15 -> 1200
G16: VALOR TOTAL | H16: =SUM(H12:H15) -> 80105
B19: CODIGO DA COMPOSICAO: | D19: COMP.02 | E19: DATA-BASE: | F19: 46204
B20: DESCRICAO DA COMPOSICAO: | D20: PLACA DE OBRA EM CHAPA GALVANIZADA
B21: UNIDADE: | D21: m²
B22: Composição: | C22: CÓDIGO | D22: DESCRIÇÃO ITEM | E22: UNIDADE ITEM | F22: COEFICIENTE | G22: PRECO UNITARIO | H22: CUSTO TOTAL
B23: Insumo | C23: 4417 | D23: SARRAFO DE MADEIRA 2,5x7 cm | E23: M | F23: 1 | G23: 7.4 | H23: =G23*F23 -> 7.4
B24: Insumo | C24: 4433 | D24: CAIBRO 7,5x7,5 cm | E24: M | F24: 4 | G24: 26.7 | H24: =G24*F24 -> 106.8
B25: Insumo | C25: 4813 | D25: PLACA DE OBRA EM CHAPA GALVANIZADA N 22 | E25: M² | F25: 1 | G25: 250 | H25: =G25*F25 -> 250
B26: Insumo | C26: 5075 | D26: PREÇO DE AÇO 18x30 | E26: KG | F26: 0.1 | G26: 14.7 | H26: =G26*F26 -> 1.47
B27: Composição | C27: 88262 | D27: CARPINTEIRO | E27: H | F27: 0.5 | G27: 30.4 | H27: =G27*F27 -> 15.2
B28: Composição | C28: 88316 | D28: SERVENTE | E28: H | F28: 1 | G28: 25 | H28: =G28*F28 -> 25
G29: VALOR TOTAL | H29: =SUM(H23:H28) -> 405.87
B32: CODIGO DA COMPOSICAO: | D32: COMP.03 | E32: DATA-BASE: | F32: 46204
B33: DESCRICAO DA COMPOSICAO: | D33: LONGARINA DE CONCRETO ARMADO PRÉ-MOLDADO 0,25x0,70
B34: UNIDADE: | D34: m
B35: Composição: | C35: CÓDIGO | D35: DESCRIÇÃO ITEM | E35: UNIDADE ITEM | F35: COEFICIENTE | G35: PRECO UNITARIO | H35: CUSTO TOTAL
B36: Composição | C36: 92265 | D36: FABRICAÇÃO DE FORMA PARA VIGAS, EM CHAPA DE MADEIRA COMPENSADA RESINA E= 17 MM | E36: M² | F36: =(0.25+0.7+0.7)*1.05 -> 1.7325 | G36: 136 | H36: =G36*F36 -> 235.62
B37: Composição | C37: 92760 | D37: ARMAÇÃO DE PILAR OU VIGA DE ESTRUTURA CONVENCIONAL DE CONCRETO ARMADO UTILIZANDO AÇO CA-50 DE 6,3 MM - MONTAGEM | E37: KG | F37: 8.46 | G37: 12.5 | H37: =G37*F37 -> 105.75
B38: Composição | C38: 92764 | D38: ARMAÇÃO DE PILAR OU VIGA DE ESTRUTURA CONVENCIONAL DE CONCRETO ARMADO UTILIZANDO AÇO CA-50 DE 16,0 MM - MONTAGEM | E38: KG | F38: 13.88 | G38: 8.1 | H38: =G38*F38 -> 112.428
B39: Composição | C39: 92763 | D39: ARMAÇÃO DE PILAR OU VIGA DE ESTRUTURA CONVENCIONAL DE CONCRETO ARMADO UTILIZANDO AÇO CA-50 DE 12,5 MM - MONTAGEM | E39: KG | F39: 4.23 | G39: 8.5 | H39: =G39*F39 -> 35.955
B40: Composição | C40: 92766 | D40: ARMAÇÃO DE PILAR OU VIGA DE ESTRUTURA CONVENCIONAL DE CONCRETO ARMADO UTILIZANDO AÇO CA-50 DE 25,0 MM - MONTAGEM | E40: KG | F40: 33.9 | G40: 9.1 | H40: =G40*F40 -> 308.49
B41: Composição | C41: 91602 | D41: ARMAÇÃO DE PILAR OU VIGA DE ESTRUTURA CONVENCIONAL DE CONCRETO ARMADO UTILIZANDO AÇO CA-50 DE 8,0 MM - MONTAGEM | E41: KG | F41: 1.74 | G41: 10.45 | H41: =G41*F41 -> 18.183
B42: Composição | C42: 94967 | D42: CONCRETO FCK 40 MPA, TRAÇO: 1:1,6:1,9, PREPARO MECÂNICO EM BETONEIRA | E42: M³ | F42: 0.15 | G42: 700 | H42: =G42*F42 -> 105
B43: Composição | C43: 103670 | D43: LANÇAMENTO COM USO DE BALDES, ADENSAMENTO E ACABAMENTO DE CONCRETO EM ESTRUTURAS | E43: M³ | F43: 0.15 | G43: 344 | H43: =G43*F43 -> 51.6
G44: VALOR TOTAL | H44: =SUM(H36:H43) -> 973.026
B47: CODIGO DA COMPOSICAO: | D47: COMP.04 | E47: DATA-BASE: | F47: 46204
B48: DESCRICAO DA COMPOSICAO: | D48: PLACAS TRELICADAS PRÉ-MOLDADAS PARA PONTE
B49: UNIDADE: | D49: m²
B50: Composição: | C50: CÓDIGO | D50: DESCRIÇÃO ITEM | E50: UNIDADE ITEM | F50: COEFICIENTE | G50: PRECO UNITARIO | H50: CUSTO TOTAL
B51: Composição | C51: 92267 | D51: FABRICAÇÃO DE FORMA PARA LAJES, EM CHAPA DE MADEIRA COMPENSADA RESINA E= 17 MM | E51: M² | F51: 1.1 | G51: 67 | H51: =G51*F51 -> 73.7
B52: Insumo | C52: 42407 | D52: TRELICA NERVURADA (ESPAÇADOR), ALTURA 120 MM, DIAMETRO DOS BANZOS INFERIORES E SUPERIOR = 6,0 MM, DIAGONAL 4,0 MM | E52: M | F52: 6.25 | G52: 6.39 | H52: =G52*F52 -> 39.9375
B53: Composição | C53: 92770 | D53: ARMAÇÃO DE LAJE DE ESTRUTURA CONVENCIONAL DE CONCRETO ARMADO UTILIZANDO AÇO CA - 50 DE 8,0 MM - MONTAGEM | E53: KG | F53: 5 | G53: 11 | H53: =G53*F53 -> 55
B54: Composição | C54: 94966 | D54: CONCRETO FCK 30 MPA, TRAÇO: 1:2,1:2,5, PREPARO MECÂNICO EM BETONEIRA | E54: M³ | F54: 0.04 | G54: 605 | H54: =G54*F54 -> 24.2
B55: Composição | C55: 103670 | D55: LANÇAMENTO COM USO DE BALDES, ADENSAMENTO E ACABAMENTO DE CONCRETO EM ESTRUTURAS | E55: M³ | F55: 0.04 | G55: 344 | H55: =G55*F55 -> 13.76
G56: VALOR TOTAL | H56: =SUM(H51:H55) -> 206.5975
B58: CODIGO DA COMPOSICAO: | D58: COMP.05 | E58: DATA-BASE: | F58: 46204
B59: DESCRICAO DA COMPOSICAO: | D59: GUARDA RODAS
B60: UNIDADE: | D60: m
B61: Composição: | C61: CÓDIGO | D61: DESCRIÇÃO ITEM | E61: UNIDADE ITEM | F61: COEFICIENTE | G61: PRECO UNITARIO | H61: CUSTO TOTAL
B62: Composição | C62: 92267 | D62: FABRICAÇÃO DE FORMA PARA LAJES, EM CHAPA DE MADEIRA COMPENSADA RESINA E= 17 MM | E62: M² | F62: 0.44 | G62: 67 | H62: =G62*F62 -> 29.48
B63: Insumo | C63: 42407 | D63: TRELICA NERVURADA (ESPAÇADOR), ALTURA 120 MM, DIAMETRO DOS BANZOS INFERIORES E SUPERIOR = 6,0 MM, DIAGONAL 4,0 MM | E63: M | F63: 1 | G63: 6.39 | H63: =G63*F63 -> 6.39
B64: Composição | C64: 92762 | D64: ARMAÇÃO DE PILAR OU VIGA DE ESTRUTURA CONVENCIONAL DE CONCRETO ARMADO UTILIZANDO AÇO CA-50 DE 10,0 MM - MONTAGEM | E64: KG | F64: 1.22 | G64: 10.2 | H64: =G64*F64 -> 12.444
B65: Composição | C65: 94966 | D65: CONCRETO FCK 30 MPA, TRAÇO: 1:2,1:2,5, PREPARO MECÂNICO EM BETONEIRA | E65: M³ | F65: 0.035 | G65: 605 | H65: =G65*F65 -> 21.175
B66: Composição | C66: 103670 | D66: LANÇAMENTO COM USO DE BALDES, ADENSAMENTO E ACABAMENTO DE CONCRETO EM ESTRUTURAS | E66: M³ | F66: 0.035 | G66: 344 | H66: =G66*F66 -> 12.04
G67: VALOR TOTAL | H67: =SUM(H62:H66) -> 81.529
B70: CODIGO DA COMPOSICAO: | D70: COMP.06 | E70: DATA-BASE: | F70: 46204
B71: DESCRICAO DA COMPOSICAO: | D71: ENSECADEIRAS DE MADEIRA
B72: UNIDADE: | D72: m²
B73: Composição: | C73: CÓDIGO | D73: DESCRIÇÃO ITEM | E73: UNIDADE ITEM | F73: COEFICIENTE | G73: PRECO UNITARIO | H73: CUSTO TOTAL
B74: Composição | C74: 96528 | D74: FABRICAÇÃO, MONTAGEM E DESMONTAGEM DE FÔRMA PARA BLOCO DE COROAMENTO, EM MADEIRA SERRADA, E=25 MM, 1 UTILIZAÇÃO | E74: M² | F74: 2 | G74: 150 | H74: =G74*F74 -> 300
G75: VALOR TOTAL | H75: =SUM(H74:H74) -> 300
B80: CODIGO DA COMPOSICAO: | D80: COMP.07 | E80: DATA-BASE: | F80: 46204
B81: DESCRICAO DA COMPOSICAO: | D81: ENSECADEIRAS DE CONCRETO ARMADO
B82: UNIDADE: | D82: m²
B83: Composição: | C83: CÓDIGO | D83: DESCRIÇÃO ITEM | E83: UNIDADE ITEM | F83: COEFICIENTE | G83: PRECO UNITARIO | H83: CUSTO TOTAL
B84: Composição | C84: 92267 | D84: FABRICAÇÃO DE FORMA PARA LAJES, EM CHAPA DE MADEIRA COMPENSADA RESINA E= 17 MM | E84: M² | F84: 2 | G84: 67 | H84: =G84*F84 -> 134
B85: Insumo | C85: 7156 | D85: TELA DE ACO SOLDADA NERVURADA, CA-60, Q-196, (3,11 KG/M2), DIAMETRO DO FIO = 5,0 MM, LARGURA = 2,45 M, ESPACAMENTO DA MALHA = 10 X 10 CM | E85: M² | F85: 2 | G85: 28 | H85: =G85*F85 -> 56
B86: Composição | C86: 92762 | D86: ARMAÇÃO DE PILAR OU VIGA DE ESTRUTURA CONVENCIONAL DE CONCRETO ARMADO UTILIZANDO AÇO CA-50 DE 10,0 MM - MONTAGEM | E86: KG | F86: 7.4 | G86: 10.2 | H86: =G86*F86 -> 75.48
B87: Composição | C87: 94966 | D87: CONCRETO FCK 30 MPA, TRAÇO: 1:2,1:2,5, PREPARO MECÂNICO EM BETONEIRA | E87: M³ | F87: 0.15 | G87: 605 | H87: =G87*F87 -> 90.75
B88: Composição | C88: 103670 | D88: LANÇAMENTO COM USO DE BALDES, ADENSAMENTO E ACABAMENTO DE CONCRETO EM ESTRUTURAS | E88: M³ | F88: 0.15 | G88: 344 | H88: =G88*F88 -> 51.6
G89: VALOR TOTAL | H89: =SUM(H84:H88) -> 407.83
F98: Floriano Peixoto/RS, 02 de setembro de 2026
G104: Angelica Gasparetto Sandri
G105: Engenheira Civil
G106: CREA RS 215.874

Sheet MEMÓRIA QUANTIDADES
B2: Ponte Rio Brasil 20,00x6,00x3,50m
B4: INFRAESTRUTURA
B7: MESOESTRUTURA
B9: ALAS
B11: Descrição | C11: Área de Corte | D11: Perímetro de forma | E11: Espessura | F11: Quantidade | G11: Forma | H11: Concreto | I11: Aço CA-50 | J11: Plataforma
C12: (A) m | E12: E (m) | G12: m² | H12: m³ | I12: kg | J12: m³
B13: Alas | C13: 14.58 | D13: =4.81+0.5 -> 5.31 | E13: 0.25 | F13: 4 | G13: =((D13*E13)+2*C13)*F13 -> 121.95 | H13: =C13*E13*F13 -> 14.58 | I13: 868 | J13: =(4-1.2)*#REF!*1.2*F13 -> #REF!
F14: Total | G14: =ROUND(SUM(G13:G13),2) -> 121.95 | H14: =ROUND(SUM(H13:H13),2) -> 14.58 | I14: =ROUND(SUM(I13:I13),2) -> 868 | J14: =ROUND(SUM(J13:J13),2) -> #REF!
B16: NEOPRENE
B18: Descrição | C18: Comprimento | D18: Largura | E18: Altura | F18: Quantidade | G18: Volume unit. | H18: Volume total | I18: Peso específico | J18: Peso total
C19: (C) m | D19: (L) m | E19: (H) m | F19: (Q) | G19: dm³ | H19: dm³ | I19: kg/dm³ | J19: kg
B20: Neoprene | C20: 0.35 | D20: 0.2 | E20: 0.05 | F20: =E31*2 -> 8 | G20: =C20*D20*E20*1000 -> 3.5 | H20: =G20*F20 -> 28 | I20: 3.2 | J20: =H20*I20 -> 89.6
F21: Total | G21: =ROUND(SUM(G20:G20),2) -> 3.5 | H21: =ROUND(SUM(H20:H20),2) -> 28 | J21: =ROUND(SUM(J20:J20),2) -> 89.6
B23: SUPERESTRUTURA
B25: VIGAS PRÉ MOLDADAS
C27: Peso Concreto (Pcs) = | E27: 2.4 | F27: t/m³
B29: Descrição | C29: Área de corte | D29: Comprimento | E29: Quantidade | F29: Perímetro de forma | G29: Forma | H29: Concreto | I29: Aço CA-50 | J29: Cordoalhas | K29: Peso transporte
D30: (C) m | E30: (Q) | F30: (P) m | G30: m² | H30: m³ | I30: kg | J30: kg | K30: t
B31: Vigas | C31: 0.2464 | D31: 20 | E31: 4 | F31: =3.899-0.3 -> 3.599 | G31: =(F31*D31+2*C31)*E31 -> 289.8912 | H31: =C31*D31*E31 -> 19.712 | I31: 1599 | J31: 1388 | K31: =(H31*E27+(I31+J31)/1000)/E31 -> 12.57395
B32: Ancoragens ativas (un) | C32: =16*E31 -> 64 | F32: Total | G32: =ROUND(SUM(G31:G31),2) -> 289.89 | H32: =ROUND(SUM(H31:H31),2) -> 19.71 | I32: =ROUND(SUM(I31:I31),2) -> 1599 | J32: =ROUND(SUM(J31:J31),2) -> 1388 | K32: =ROUND(SUM(K31:K31),2) -> 12.57
B34: PRÉ LAJES
C36: Peso Concreto (Pcs) = | E36: 2.4 | F36: t/m³
B38: Descrição | C38: Área de Corte | D38: Perímetro de forma | E38: Comprimento | F38: Quantidade | G38: Forma | H38: Concreto | I38: Aço CA-50 | J38: Peso transporte
C39: (A) m | E39: (m) | G39: m² | H39: m³ | I39: kg | J39: (Unitário) t
B40: Pré Lajes Tipo 1 | C40: 0.0646 | D40: =1.8-0.78 -> 1.02 | E40: 1.48 | F40: =23*3 -> 69 | G40: =(D40*E40+4*C40)*F40 -> 121.992 | H40: =C40*E40*F40 -> 6.596952 | I40: 809 | J40: =H40*E36+(I40)/1000 -> 16.641685
E41: Total | F41: =ROUND(SUM(F40:F40),2) -> 69 | G41: =ROUND(SUM(G40:G40),2) -> 121.99 | H41: =ROUND(SUM(H40:H40),2) -> 6.6 | I41: =ROUND(SUM(I40:I40),2) -> 809 | J41: =ROUND(SUM(J40:J40),2) -> 16.64
B43: LAJE
B45: Descrição | C45: Área de Corte | D45: Perímetro de forma | E45: Comprimento | F45: Forma | G45: Concreto | H45: Aço CA-50 | I45: Escoramento
C46: (A) m | E46: C (m) | F46: m² | G46: m³ | H46: kg | I46: m³
B47: Laje | C47: =(6*0.2)+(2*0.2*0.25) -> 1.3 | D47: =0.32+0.32+0.2+0.2 -> 1.04 | E47: 20 | F47: =D47*E47+2*C47 -> 23.4 | G47: =C47*E47 -> 26 | H47: 1781 | I47: =2*(0.55*E47*1.1) -> 24.2
E48: Total | F48: =ROUND(SUM(F47:F47),2) -> 23.4 | G48: =ROUND(SUM(G47:G47),2) -> 26 | H48: =ROUND(SUM(H47:H47),2) -> 1781 | I48: =ROUND(SUM(I47:I47),2) -> 24.2
